 Dungeon Crawl Stone Soup version 0.26.1-11-gd32895ea62 (webtiles) character file.

Game seed: 7009710271258645059

871 H0rd4k the Insei (level 8, -6/49 HPs)
             Began as an Octopode Transmuter on May 4, 2021.
             Killed by divine providence
             ... invoked by an orc priest
              (15 damage)
             ... on level 5 of the Dungeon.
             The game lasted 00:04:56 (6631 turns).

H0rd4k the Insei (Octopode Transmuter)              Turns: 6631, Time: 00:04:57

Health: -6/49      AC:  2    Str:  9    XL:     8   Next: 3%
Magic:  11/13      EV: 21    Int: 18    God:
Gold:   179        SH:  0    Dex: 17    Spells: 7/14 levels left

rFire    . . .     SeeInvis +     - Unarmed
rCold    . . .     Faith    .   (shield currently unavailable)
rNeg     + . .     Spirit   .   (helmet currently unavailable)
rPois    x         Reflect  .   (no amulet)
rElec    .         Harm     .   d - ring of see invisible
rCorr    .         Rampage  .   p - ring of positive energy
Will     .....                  (no ring)
Stlth    +++.......             (no ring)
HPRegen  0.16/turn              (no ring)
MPRegen  0.13/turn              (no ring)
                                (no ring)
                                (no ring)

@: spider-form
A: tiny, almost no armour, stealthy swim, (amphibious), 8 rings, (constrict 8)
a: End Transformation


You were on level 5 of the Dungeon.
You were a venomous arachnid creature.
You visited 1 branch of the dungeon, and saw 5 of its levels.

You collected 179 gold pieces.

Inventory:

Jewellery
 d - a ring of see invisible (left front leg)
 p - a ring of positive energy (right front leg)
Wands
 o - a wand of paralysis (8)
Scrolls
 a - 6 scrolls of identify
 e - a scroll of enchant weapon {unknown}
 f - a scroll of fear {unknown}
 l - a scroll of magic mapping {unknown}
 m - a scroll of amnesia {unknown}
 n - 2 scrolls of teleportation {unknown}
 q - 3 scrolls of enchant armour {unknown}
Potions
 b - 2 potions of curing
 c - 3 potions of brilliance {unknown}
 g - a potion of might {unknown}
 h - a potion of invisibility {unknown}
 i - 2 potions of heal wounds {unknown}
 j - a potion of mutation {unknown}
 k - 3 potions of flight {unknown}
 r - a potion of berserk rage


   Skills:
 + Level 1.6 Fighting
 + Level 3.1 Dodging
 + Level 4.8 Stealth
 + Level 6.1 Unarmed Combat
 * Level 3.6 Spellcasting
 * Level 3.9 Transmutations
 + Level 1.8 Poison Magic


You had 7 spell levels left.
You knew the following spells:

 Your Spells              Type           Power        Failure   Level
a - Beastly Appendage     Tmut           34%          11%         1
b - Spider Form           Tmut/Pois      6%           32%         3
c - Confusing Touch       Hex            3%           65%         3

Your spell library contained the following spells:

 Spells                   Type           Power        Failure   Level
 Wereblood                Tmut           17%          14%         2
 Gell's Gravitas          Tloc           1%           65%         3
 Ice Form                 Ice/Tmut       10%          77%         4
 Petrify                  Tmut/Erth      10%          77%         4
 Blade Hands              Tmut           8%           83%         5
 Yara's Violent Unravell  Hex/Tmut       5%           96%         5
 Metabolic Englaciation   Hex/Ice        1%           100%        5


Dungeon Overview and Level Annotations

Branches:
Dungeon (5/15)
 Temple: D:4-7

Altars:
Makhleb


Innate Abilities, Weirdness & Mutations

You cannot wear most types of armour.
You are very stealthy in the water. (Stealth+)
((You are amphibious.))
You can wear up to eight rings at the same time.
((You can use your tentacles to constrict eight enemies at once.))
((Your skin changes colour to match your surroundings (Stealth+).))
((Your rubbery body absorbs attacks. (AC +1, EV +1)))


Message History

Beogh smites you! The orc priest barely misses you.
You hit the orc priest.
The orc priest is poisoned.
The orc priest is severely wounded.
The orc priest calls upon Beogh to heal the orc priest.
The orc priest is healed somewhat.
The orc priest casts a cantrip, but nothing happens.
You barely miss the orc priest.
The orc priest is heavily wounded.
The orc priest invokes the aid of Beogh against you.
Beogh smites you!
* * * LOW HITPOINT WARNING * * *
You barely miss the orc priest.
The orc priest is severely wounded.
You hit the orc priest but do no damage.
The orc priest looks as sick as possible!
The orc priest is almost dead.
You kill the orc priest!
The orc priest mumbles some strange prayers to Beogh against you.
Beogh smites you!
You die...

###.###.##.#
......#.#.#######
#.#.#..........#
#....###.#####.####
#.....##.##.......#
#........##.##.##.#
###.####### #.##.#
#.# #.##.# #s#
#..#.# #o# # ##.#.#


ooo #. #.#.# ..oo. #.###.#.# ...o... #.......# .........####....####
'.........'........... ##.........####....#### ##.#.# You could see 3 orc
priests and 4 orcs.

Vanquished Creatures
  3 sky beasts (D:5)
  A crimson imp (D:2)
  2 bullfrog skeletons (D:5)
  4 orc wizards
  2 orc priests
  Jessica (D:2)
  An iguana (D:4)
  3 worker ants
  3 gnolls (D:4)
  8 adders
  An ufetubus (D:5)
  2 oozes
  An adder skeleton (D:4)
  2 worms (D:4)
  4 leopard geckos
  21 orcs
  5 giant cockroaches
  9 goblins
  5 hobgoblins
  2 jackals (D:2)
  6 quokkas
  8 bats
  6 frilled lizards
  9 kobolds
  A rat (D:3)
110 creatures vanquished.

Vanquished Creatures (others)
  A rat (D:1)
1 creature vanquished.

Grand Total: 111 creatures vanquished

Notes
Turn   | Place    | Note
-------+----------+-------------------------------------------
     0 | D:1      | H0rd4k the Octopode Transmuter began the quest for the Orb.
     0 | D:1      | Reached XP level 1. HP: 13/13 MP: 3/3
   285 | D:1      | Reached XP level 2. HP: 18/18 MP: 5/5
   652 | D:1      | Reached XP level 3. HP: 23/23 MP: 6/6
  1219 | D:2      | Reached skill level 1 in Stealth
  1390 | D:2      | Reached skill level 4 in Unarmed Combat
  1596 | D:2      | Found a burning altar of Makhleb.
  1602 | D:2      | Reached XP level 4. HP: 25/28 MP: 7/7
  2315 | D:2      | Noticed Jessica
  2321 | D:2      | Killed Jessica
  2322 | D:2      | Reached XP level 5. HP: 29/33 MP: 8/8
  3909 | D:4      | Reached XP level 6. HP: 38/38 MP: 10/10
  4165 | D:4      | Learned a level 3 spell: Spider Form
  4169 | D:4      | Learned a level 3 spell: Confusing Touch
  4770 | D:4      | Reached skill level 5 in Unarmed Combat
  5056 | D:5      | Entered Level 5 of the Dungeon
  5341 | D:4      | Reached XP level 7. HP: 33/43 MP: 11/11
  6066 | D:5      | Reached skill level 1 in Poison Magic
  6487 | D:5      | Reached skill level 6 in Unarmed Combat
  6487 | D:5      | Reached XP level 8. HP: 34/49 MP: 10/13
  6631 | D:5      | Killed from afar by an orc priest

Illustrated notes

Levels and vault maps discovered:
D:1:      scummos_arrival_hexagon, layout_rooms, st_stairs_5,
          lemuel_old_faithful
D:2:      layout_loops_corners, makhleb_grotto_becter, kennysheep_jessica_study
D:3:      wander_river, layout_basic
D:4:      layout_loops_corners, kennysheep_small_square
D:5:      layout_loops_corners, minmay_temple_entry_offerings, serial_shops,
          shop_fountains, uniq_menkaure

Skill      XL: |  1  2  3  4  5  6  7 |
---------------+----------------------+-----
Stealth        | 1 2 3 4 |  4.8
Unarmed Combat | 4 5 6 |  6.1
Spellcasting   | 3 |  3.6
Transmutations | 3 |  3.9
Dodging        | 3 |  3.1
Poison Magic   | 1 |  1.8
Fighting       | |  1.6

Action                   |  1- 3 |  4- 6 |  7- 9 || total
-------------------------+-------+-------+-------++-------
Melee: Unarmed           |    86 |   151 |    92 ||   329
       Constrict         |    21 |    33 |    12 ||    66
       Tentacles         |    10 |    17 |    12 ||    39
       Punch             |     2 |     6 |     2 ||    10
 Cast: Spider Form       |       |     3 |     5 ||     8
  Use: Scroll            |       |     7 |       ||     7
 Stab: Sleeping          |     7 |     7 |     8 ||    22
Armor: Skin              |     5 |     5 |     3 ||    13
Dodge: Dodged            |    50 |    98 |    46 ||   194
